 Dungeon Crawl Stone Soup version 0.25.0-33-gff14898491 (webtiles) character file.

Game seed: 9255205520074960590

545865 tensugalgo the Axe Maniac (level 26, -10/373 HPs)
             Began as a Hill Orc Monk on July 5, 2020.
             Was the Champion of Beogh.
             Shot with a bolt by Bogbrand (17 damage)
             ... created by the player character
             ... on level 5 of the Realm of Zot on July 7, 2020.
             The game lasted 03:42:15 (69663 turns).

tensugalgo the Axe Maniac (Hill Orc Monk)          Turns: 69663, Time: 03:42:17

Health: -10/373    AC: 41    Str: 22 (25) XL:     26   Next: 14%
Magic:  0/32       EV: 12    Int: 10 (11) God:    Beogh [******]
Gold:   5073       SH: 13    Dex: 22 (26) Spells: 25/25 levels left

rFire    + + +     SeeInvis .   q - +9 broad axe (freeze)
rCold    + + +     Gourm    .   k - +3 buckler of Udwot {rF+ rC+ rN+ Dex+8}
rNeg     + + .     Faith    .   T - +7 gold dragon scales
rPois    +         Spirit   +   (helmet restricted)
rElec    +         Reflect  .   t - +2 cloak {Stlth+}
rCorr    +         Harm     .   a - +1 pair of gloves {Dex+3}
MR       ++...                  b - +1 pair of boots of Words of Power {+Fly rF+ MR- Int+3}
Stlth    ..........             E - amulet of Conformity {Spirit rC- MR++ Str+3 Dex+4}
HPRegen  0.72/turn              w - ring of positive energy
MPRegen  0.23/turn              G - ring of protection from cold

@: berserking, resistant, very quick
A: walk on water, horns 1, clumsy 1, deterioration 2, dopey 1, low mp 1, weak 2,
evolution 1
}: 3/15 runes: serpentine, barnacled, silver
a: Smiting, Recall Orcish Followers, Give Item to Named Follower, Resurrection,
Renounce Religion, Evoke Flight


You were on level 5 of the Realm of Zot.
You worshipped Beogh.
Beogh was exalted by your worship.
You were very full.

You visited 8 branches of the dungeon, and saw 46 of its levels.
You visited the Abyss 1 time.
You also visited: Ossuary and Ice Cave.

You collected 6072 gold pieces.
You spent 999 gold pieces at shops.

Inventory:

Hand Weapons
 q - a +9 broad axe of freezing (weapon)
Missiles
 j - 7 throwing nets (quivered)
Armour
 a - a +1 pair of gloves of dexterity (worn)
 b - the +1 pair of boots of Words of Power (worn) {+Fly rF+ MR- Int+3}
   (You found it on level 1 of the Snake Pit)

   It affects your intelligence (+3).
   It protects you from fire.
   It affects your resistance to hostile enchantments.
   It lets you fly.
 k - the +3 buckler of Udwot (worn) {rF+ rC+ rN+ Dex+8}
   (You found it on level 3 of the Snake Pit)

   It affects your dexterity (+8).
   It protects you from fire.
   It protects you from cold.
   It protects you from negative energy.
 t - a +2 cloak of stealth (worn)
 y - a +1 helmet of see invisible
 J - a +0 kite shield of reflection
 T - +7 gold dragon scales (worn)
 Y - a +0 pair of boots of running
Jewellery
 w - a ring of positive energy (left hand)
 A - an uncursed ring of protection from magic
 E - the amulet of Conformity (around neck) {Spirit rC- MR++ Str+3 Dex+4}
   (You found it on level 1 of the Snake Pit)

   [amulet of guardian spirit]

   It causes incoming damage to be split between your health and magic.
   It affects your strength (+3).
   It affects your dexterity (+4).
   It makes you vulnerable to cold.
   It affects your resistance to hostile enchantments.
 G - a ring of protection from cold (right hand)
 M - an uncursed ring of resist corrosion
 R - the ring "Otsec" {Fire rElec Str+4}
   (You found it on level 10 of the Dungeon)

   [ring of fire]

   It enhances your fire magic.
   It affects your strength (+4).
   It protects you from fire.
   It makes you vulnerable to cold.
   It insulates you from electricity.
 V - an uncursed amulet of magic regeneration
Wands
 D - a wand of acid (37)
 F - a wand of clouds (11)
 K - a wand of disintegration (7)
 L - a wand of paralysis (49)
 N - a wand of polymorph (23)
 W - a wand of digging (7)
Scrolls
 f - a scroll of enchant weapon
 g - 12 scrolls of teleportation
 m - 3 scrolls of fog
 o - 25 scrolls of remove curse
 p - 3 scrolls of holy word
 r - 4 scrolls of fear
 x - a scroll of brand weapon
 z - 3 scrolls of magic mapping
 I - 11 scrolls of identify
 P - 3 scrolls of silence
 Q - a scroll of amnesia
Potions
 h - 17 potions of curing
 s - a potion of resistance
 u - 9 potions of brilliance
 v - a potion of berserk rage
 B - 3 potions of cancellation
 C - 9 potions of flight
 H - a potion of invisibility
 U - 5 potions of mutation
 Z - 3 potions of might
Miscellaneous
 d - a phial of floods
 i - 2 boxes of beasts
 l - a tin of tremorstones (3/3)
 S - 5 phantom mirrors
Comestibles
 c - 56 rations


   Skills:
 + Level 22.8 Fighting
 O Level 27 Axes
 + Level 22.4 Armour
 - Level 10.0 Dodging
 - Level 1.5 Stealth
 + Level 19.8 Shields
 - Level 19.1 Invocations
 - Level 7.2 Evocations


You had 25 spell levels left.
You didn't know any spells.
Your spell library contained the following spells:

 Spells                   Type           Power        Failure   Level  Hunger
 Animate Skeleton         Necr           N/A          99%         1    ##.....
 Apportation              Tloc           #.....       99%         1    ##.....
 Beastly Appendage        Tmut           #.....       99%         1    ##.....
 Corona                   Hex            #......      99%         1    ##.....
 Foxfire                  Conj/Fire      #...         99%         1    ##.....
 Magic Dart               Conj           #...         99%         1    ##.....
 Sandblast                Erth           #.....       99%         1    ##.....
 Summon Small Mammal      Summ           #...         99%         1    ##.....
 Corpse Rot               Necr/Air       N/A          100%        2    ###....
 Passwall                 Tmut/Erth      #.......     100%        2    ###....
 Searing Ray              Conj           #.....       100%        2    ###....
 Slow                     Hex            #.......     100%        2    ###....
 Sticks to Snakes         Tmut           #.......     100%        2    ###....
 Conjure Flame            Conj/Fire      #.......     100%        3    ####...
 Dazzling Flash           Conj/Hex       #.....       100%        3    ####...
 Ignite Poison            Fire/Tmut/Pois #.......     100%        3    ####...
 Inner Flame              Hex/Fire       #.......     100%        3    ####...
 Ozocubu's Armour         Chrm/Ice       #.......     100%        3    ####...
 Portal Projectile        Hex/Tloc       #.....       100%        3    ####...
 Spectral Weapon          Hex/Chrm       #.......     100%        3    ####...
 Spider Form              Tmut/Pois      #.........   100%        3    ####...
 Stone Arrow              Conj/Erth      #.....       100%        3    ####...
 Cause Fear               Hex            #.........   100%        4    #####..
 Fulminant Prism          Conj/Hex       #.........   100%        4    #####..
 Hailstorm                Conj/Ice       #.......     100%        4    #####..
 Ice Form                 Ice/Tmut       #.......     100%        4    #####..
 Iskenderun's Mystic Bla  Conj/Tloc      #.......     100%        4    #####..
 Leda's Liquefaction      Hex/Erth       #.........   100%        4    #####..
 Petrify                  Tmut/Erth      #.......     100%        4    #####..
 Sticky Flame             Conj/Fire      #.......     100%        4    #####..
 Blade Hands              Tmut           #.........   100%        5    ######.
 Fireball                 Conj/Fire      #.........   100%        5    ######.
 Irradiate                Conj/Tmut      #.........   100%        5    ######.
 Lee's Rapid Deconstruct  Erth           #.........   100%        5    ######.
 Summon Forest            Summ/Tloc      #.........   100%        5    ######.
 Eringya's Noxious Bog    Tmut/Pois      #.........   100%        6    #######
 Freezing Cloud           Conj/Ice/Air   #.........   100%        6    #######
 Hydra Form               Tmut           #.........   100%        6    #######
 Starburst                Conj/Fire      #.........   100%        6    #######
 Statue Form              Tmut/Erth      #........    100%        6    #######
 Dragon Form              Tmut           #.........   100%        7    #######
 Ring of Flames           Chrm/Fire      #.........   100%        7    #######
 Summon Hydra             Summ           #.........   100%        7    #######
 Ignition                 Fire           #.........   100%        8    #######


Dungeon Overview and Level Annotations

Branches:
Dungeon (15/15)            Temple (0/1) D:5            Lair (6/6) D:10
 Shoals (4/4) Lair:3        Snake (4/4) Lair:2        Slime (0/5) Lair:5
    Orc (2/2) D:10            Elf (0/3) Orc:2        Vaults (5/5) D:14
  Crypt (0/3) Vaults:2     Depths (5/5) D:15            Zot (5/5) Depths:5
Ossuary (visited)           IceCv (visited)

Altars:
Ashenzari
Dithmenos
Elyvilon
Kikubaaqudgha
Makhleb
Nemelex Xobeh
Qazlal
Trog
Vehumet
Yredelemnul
Zin
The Shining One
Beogh
Jiyva

Shops:
D:4 %   D:8 :   D:9 [=   D:10 %   Orc:1 [[**   Orc:2 (?!?*   Vaults:1 :
Vaults:2 *   Vaults:3 ?(   Depths:2 (

Portals:
Hell: Depths:1 Depths:2 Depths:3 Depths:4 Depths:5
Abyss: Depths:4
Pandemonium: Depths:3
Ziggurat: Depths:1

Annotations:
Depths:3 exclusion: 2 obsidian statues


Innate Abilities, Weirdness & Mutations

You can walk on water.
You have a pair of small horns on your head.
You are clumsy. (Dex -2)
Your body often deteriorates upon taking damage.
You are dopey. (Int -2)
Your magical capacity is low. (-10% MP)
You are very weak. (Str -4)
You evolve.


Message History

A red film seems to cover your vision as you go berserk!
You feel yourself moving faster!
You feel mighty!
Bogbrand shoots a bolt.
The bolt barely misses the orb of fire.
The bolt hits you but does no damage.
The orb of fire emits a lurid red light.
The bolt of fire hits you! You resist.
* * * LOW HITPOINT WARNING * * *
You slice the orb of fire!! You freeze the orb of fire.
Your headbutt misses the orb of fire.
The orb of fire is moderately damaged.
The orb of fire glows bright magenta.
The bolt of fire hits you! You resist.
* * * LOW HITPOINT WARNING * * *
You closely miss the orb of fire.
You headbutt the orb of fire, but do no damage.
The orb of fire is moderately damaged.
Bogbrand shoots a bolt.
The bolt completely misses the orb of fire.
The bolt hits you!
You die...
Beogh appreciates Bogbrand's killing of a heretic priest.

.........##.#.......#........###.
.....###.##.#.......#............
....................#..#.#.#.##..
.##....o..##.............#.#.##..
.##....oo###................[##..
.....##)o###)......###.#...#.##..
......)o##)........###......)....
.....##))o).((.............#.##..
......).##)#..#*@....#....[<.....
.###...).o.......#...#...#.#.....
.# #....................[........
.###.........###................#
.#...........# #...............##
.###.##..#######<...##.........#
...........o..⌠................#
##▓▓▓▓########.########▓▓▓▓######
,** #..[............# ##.....


You could see an orb of fire, the friendly Bogbrand the orc warlord (strong) and
the friendly Wargrak the orc knight (strong).

Vanquished Creatures
  5 orbs of fire (Zot:5)
  6 Killer Klowns
  Xtahua (Depths:5)
  3 curse toes
  Saint Roka (Depths:3)
  2 golden dragons
  2 bone dragons
  2 liches
  An electric golem (Zot:1)
  11 tentacled monstrosities
  A titan (Depths:3)
  7 Orb Guardians (Zot:5)
  3 quicksilver dragons
  A kraken (Shoals:1)
  4 sphinxes
  4 death cobs
  9 shadow dragons
  A storm dragon (shapeshifter) (Depths:3)
  Donald (Shoals:1)
  4 tengu reavers
  6 draconian monks
  16 storm dragons
  An azure jelly (shapeshifter) (Depths:3)
  9 frost giants
  2 deep elf sorcerers (Vaults:5)
  6 fire giants
  5 draconian shifters
  5 draconian scorchers
  2 nagarajas (Snake:4)
  4 vault wardens
  2 draconian knights
  2 ghost moths
  2 draconian stormcallers
  4 draconian annihilators
  8 ironheart preservers
  An ophan (Abyss:3)
  A spriggan defender (Depths:4)
  14 very ugly things
  13 stone giants
  2 deep elf demonologists
  A vampire knight (Depths:4)
  4 war gargoyles
  4 green draconians
  9 black draconians
  A spark wasp (shapeshifter) (Depths:3)
  A minotaur (shapeshifter) (Depths:3)
  7 white draconians
  13 purple draconians
  8 yellow draconians
  8 spark wasps (Depths:5)
  8 red draconians
  5 crystal guardians (Depths:3)
  7 merfolk impalers
  4 merfolk javelineers (Shoals:4)
  A blizzard demon (Abyss:3)
  3 fire dragons
  10 ettins
  7 great orbs of eyes
  4 rakshasas
  10 yaktaur captains
  25 vault guards
  An ice dragon (shapeshifter) (Depths:3)
  Harold (D:8)
  A catoblepas (shapeshifter) (Depths:3)
  6 naga warriors
  8 hydras
  9 ice dragons
  2 spriggan air magi (Depths:5)
  4 merfolk avatars
  Erica (Lair:2)
  6 centaur warriors
  An alligator snapping turtle (Shoals:4)
  31 two-headed ogres
  4 satyrs
  6 deep troll shamans
  12 dancing weapons (Depths:3)
  2 hell hogs (Depths:2)
  3 merfolk aquamancers
  3 anacondas
  5 naga sharpshooters
  A tengu warrior (Depths:2)
  9 ogre magi
  2 spriggan berserkers (Depths:2)
  6 deep troll earth magi
  5 shock serpents
  A hell knight (Depths:5)
  A storm dragon zombie (Depths:2)
  9 death yaks
  A thrashing horror (Abyss:3)
  3 deep elf knights
  A wretched star (Abyss:3)
  2 iron trolls (Depths:5)
  A salamander mystic (Snake:3)
  A fire crab (shapeshifter) (Vaults:4)
  2 skeletal warriors (Vaults:2)
  A spatial maelstrom (Abyss:3)
  2 shadow wraiths (Vaults:4)
  A death drake (shapeshifter) (Depths:2)
  A spark wasp zombie (Depths:2)
  An unseen horror (Vaults:1)
  9 sea snakes
  8 glowing orange brains
  10 deep trolls
  An anaconda skeleton (Abyss:3)
  7 wizards
  3 deep elf archers
  A swamp dragon (shapeshifter) (Depths:3)
  7 ironbrand convokers
  4 orc knights
  2 obsidian statues (Depths:3)
  A sphinx zombie (Depths:2)
  8 deep elf magi
  16 harpies
  A necromancer (Depths:2)
  An orc sorcerer (Depths:3)
  26 ugly things
  4 wolf spiders
  5 phantasmal warriors
  2 mana vipers
  2 salamanders
  17 fauns
  A worldbinder (Abyss:3)
  16 moths of wrath
  A shadow dragon skeleton (Depths:2)
  6 cyclopes
  9 manticores
  2 elephants (Lair:6)
  A sphinx skeleton (Depths:2)
  A frost giant zombie (Depths:2)
  16 black mambas
  7 naga magi
  2 ice statues (IceCv)
  3 spriggan zombies (Depths:2)
  Joseph (D:7)
  6 water nymphs
  An eye of devastation (shapeshifter) (Depths:3)
  A water nymph (shapeshifter) (Vaults:5)
  5 gargoyles (Depths:3)
  A fire giant skeleton (Abyss:3)
  A frost giant skeleton (Depths:2)
  4 spiny frogs
  A torpor snail (Lair:4)
  3 molten gargoyles (Depths:3)
  9 vault sentinels
  6 merfolk sirens
  2 smoke demons (Abyss:3)
  A yaktaur (shapeshifter) (Vaults:3)
  4 freezing wraiths
  21 yaktaurs
  A hellwing (Abyss:3)
  5 komodo dragons
  3 guardian mummies (Depths:2)
  6 rime drakes
  A spectral naga (Snake:1)
  4 tengu conjurers
  A meliai (D:15)
  5 trolls
  27 merfolk
  3 hornets
  4 wind drakes
  11 slime creatures
  4 dream sheep
  9 blink frogs
  8 snapping turtles
  12 hippogriffs
  A spectral black mamba (Snake:1)
  A dream sheep (shapeshifter) (Vaults:4)
  An air elemental (Depths:3)
  8 starcursed masses (Abyss:3)
  2 redbacks
  16 water elementals
  2 wyverns
  2 basilisks
  3 fire bats (Depths:4)
  3 hogs (D:9)
  8 humans
  27 yaks
  2 hungry ghosts
  3 fire elementals (Depths:3)
  A basilisk (shapeshifter) (Vaults:1)
  7 large abominations (Abyss:3)
  2 wargs
  4 insubstantial wisps (Depths:3)
  A warg (shapeshifter) (Depths:3)
  49 nagas
  2 small abominations (Abyss:3)
  10 water moccasins
  A water moccasin (shapeshifter) (Vaults:5)
  7 hell hounds (Depths:2)
  2 acid dragons
  5 porcupines
  A human skeleton (Depths:2)
  14 ice beasts (IceCv)
  2 black mamba simulacra (Snake:1)
  2 sky beasts
  A sky beast (shapeshifter) (Depths:2)
  A black bear (D:9)
  8 orc warriors
  2 phantoms
  34 ogres
  2 wolves (Lair:6)
  5 crocodiles
  A centaur (shapeshifter) (Depths:3)
  9 centaurs
  5 elf zombies
  2 big kobolds
  14 bullfrogs
  8 earth elementals (Depths:3)
  2 wyvern skeletons
  A wyvern zombie (D:7)
  7 scorpions
  An elf simulacrum (Vaults:3)
  A killer bee (D:9)
  17 wights
  2 electric eels (Snake:2)
  5 crimson imps
  3 centaur zombies
  The ghost of harlaan the Caller, a weakling DESu (D:3)
  A quasit (Abyss:3)
  2 human zombies (Ossuary)
  3 jellies
  5 bullfrog skeletons
  6 hounds
  A salamander simulacrum (Snake:1)
  An orc priest (D:4)
  Crazy Yiuf (D:3)
  A centaur skeleton (D:10)
  2 iguanas
  3 hell rats (Lair:3)
  9 orc wizards
  11 worker ants
  2 big kobold zombies (Ossuary)
  2 hound skeletons
  7 mummies
  Robin (D:3)
  A worker ant zombie (D:11)
  11 gnolls
  A howler monkey skeleton (D:10)
  22 adders
  3 shadow imps
  9 white imps
  2 ufetubi (Abyss:3)
  An ooze (shapeshifter) (Depths:3)
  An ooze (D:6)
  An adder skeleton (D:6)
  3 adder zombies (Ossuary)
  5 worms
  5 dart slugs
  7 leopard geckos
  17 orcs
  2 giant cockroaches
  2 gnoll zombies (Ossuary)
  17 goblins
  9 hobgoblins
  2 jackals (D:4)
  16 kobolds
  A quokka (D:4)
  3 ball pythons
  3 bats (D:2)
  7 frilled lizards
  4 goblin zombies (Ossuary)
  A hobgoblin zombie (Ossuary)
  6 jackal zombies
  2 kobold zombies (Ossuary)
  3 quokka zombies
  4 rats
  4 rat zombies (Ossuary)
  A fungus (Lair:4)
  11 plants
  2 tentacles (Shoals:1)
1410 creatures vanquished.

Vanquished Creatures (collateral kills)
  An ancient lich (Zot:5)
  Mara (Vaults:3)
  A greater mummy (Depths:2)
  A Killer Klown (Zot:2)
  Jory (Vaults:2)
  A tentacled monstrosity (Zot:1)
  Jorgrun (Shoals:1)
  A lich (Depths:1)
  A quicksilver dragon (Zot:2)
  5 Orb Guardians (Zot:5)
  Polyphemus (Shoals:3)
  The ghost of Tianux the Blocker, an adept DrFE of Sif Muna (Snake:1)
  2 death cobs
  A sphinx (Vaults:2)
  3 tengu reavers
  4 nagarajas
  6 storm dragons
  3 frost giants
  2 fire giants
  An iron dragon (Vaults:3)
  A draconian knight (Zot:2)
  2 vault wardens
  A caustic shrike zombie (Depths:2)
  A deep elf sorcerer (Vaults:5)
  Aizul (Snake:1)
  6 ironheart preservers
  4 very ugly things
  An entropy weaver (Vaults:4)
  7 stone giants
  A deep elf annihilator (Vaults:5)
  A green draconian (Zot:2)
  A red draconian (Zot:1)
  A yellow draconian (Zot:2)
  3 crystal guardians (Depths:3)
  2 ettins
  A blizzard demon (Depths:3)
  9 yaktaur captains
  5 ogre magi
  2 fire dragons
  A deep elf high priest (Vaults:5)
  3 great orbs of eyes
  A vault guard (Vaults:4)
  A hydra (Lair:5)
  10 naga warriors
  2 rakshasas
  14 two-headed ogres
  A centaur warrior (D:13)
  2 death knights
  5 anacondas
  A catoblepas (Shoals:3)
  2 dancing weapons (Depths:3)
  12 death yaks
  A deep troll earth mage (Vaults:2)
  2 tengu warriors
  2 spriggan berserkers (Depths:2)
  A hell hog (Depths:2)
  3 naga sharpshooters
  13 slime creatures
  3 deep elf knights
  4 shock serpents
  A shadow wraith (Vaults:3)
  A hell knight (Depths:1)
  An iron troll (Depths:2)
  2 salamander mystics
  3 skeletal warriors
  A sea snake (Snake:2)
  2 glowing orange brains
  5 deep trolls
  2 unseen horrors
  A glowing orange brain (shapeshifter) (Depths:3)
  5 ironbrand convokers
  2 naga ritualists
  A phantasmal warrior (Vaults:5)
  3 deep elf magi
  A deep elf archer (Vaults:1)
  5 harpies
  An orc knight (Vaults:4)
  An orc sorcerer (Orc:1)
  3 mana vipers
  A wolf spider (Vaults:1)
  20 ugly things
  A fire giant zombie (Depths:2)
  3 cyclopes
  2 fauns (Shoals:4)
  A manticore (D:14)
  4 salamanders
  A faun (shapeshifter) (Depths:3)
  2 salamanders (shapeshifter)
  4 moths of wrath
  A spectral shock serpent (Snake:1)
  6 vault sentinels
  9 black mambas
  A guardian serpent (Snake:4)
  A stone giant skeleton (Depths:2)
  8 naga magi
  2 rime drakes
  2 komodo dragons
  3 spiny frogs
  4 centaur skeletons
  2 spectral nagas (Snake:1)
  4 freezing wraiths (Vaults:4)
  An efreet (D:15)
  3 trolls
  14 yaktaurs
  A troll (shapeshifter) (Vaults:1)
  2 meliai (D:15)
  2 wind drakes
  7 merfolk
  A blink frog (shapeshifter) (D:15)
  9 blink frogs
  8 hippogriffs
  7 dream sheep (Shoals:3)
  3 snapping turtles
  A fire giant simulacrum (Vaults:2)
  A spectral black mamba (Snake:1)
  3 wraiths
  A shadow (D:13)
  A redback (D:15)
  4 air elementals (Depths:3)
  7 water elementals
  9 yaks
  A hog (D:9)
  3 fire elementals (Depths:3)
  2 humans (D:14)
  A yak (shapeshifter) (D:14)
  2 basilisks
  2 humans (shapeshifter)
  2 hungry ghosts
  A warg (Orc:1)
  A naga (shapeshifter) (Depths:1)
  A harpy simulacrum (D:14)
  31 nagas
  8 water moccasins
  2 hell hounds (Depths:2)
  A porcupine (Lair:1)
  7 orc warriors
  3 ice beasts
  An eye of draining (shapeshifter) (Vaults:1)
  2 phantoms
  A sky beast (D:13)
  A wolf (Lair:6)
  A boggart (Vaults:1)
  A boggart (shapeshifter) (Vaults:1)
  12 ogres
  3 centaurs
  A necrophage (D:9)
  A crocodile (shapeshifter) (Vaults:1)
  A crocodile (Lair:6)
  2 big kobolds (D:8)
  A bullfrog (D:14)
  An earth elemental (Depths:3)
  3 killer bees (D:9)
  5 wights
  A howler monkey (D:14)
  A bullfrog zombie (D:13)
  2 centaur zombies
  3 crimson imps
  A hound (D:14)
  6 orc wizards
  6 orc priests
  An iguana (D:9)
  3 worker ants
  4 hell rats (Lair:3)
  A mummy (Ossuary)
  4 adders
  2 shadow imps
  4 white imps (Lair:6)
  An adder zombie (D:8)
  A leopard gecko (D:7)
  8 orcs
  A ball python (Lair:2)
  A giant cockroach (D:8)
  2 kobolds (D:8)
  A quokka zombie (Ossuary)
  2 rat zombies (D:7)
  2 fungi
  17 plants
560 creatures vanquished.

Vanquished Creatures (others)
  3 orc warlords
  A fire giant (Depths:5)
  An orc high priest (D:14)
  3 vault guards (D:14)
  A deep troll earth mage (Depths:1)
  A deep troll shaman (Depths:1)
  A merfolk aquamancer (Shoals:4)
  3 orc sorcerers
  A naga sharpshooter (Snake:4)
  2 deep elf knights
  21 orc knights
  23 orc warriors
  A harpy (Shoals:4)
  16 orc priests
  A salamander (Snake:4)
  A yaktaur (Depths:2)
  A fire bat (Abyss:3)
  14 orc wizards
  A warg (Depths:3)
  A howler monkey (D:14)
  A hound skeleton (D:3)
  8 ball lightnings (Depths:3)
  55 orcs
  7 fungi
  71 plants
  2 tentacles (Shoals:1)
241 creatures vanquished.

Grand Total: 2211 creatures vanquished

Notes
Turn   | Place    | Note
-------+----------+-------------------------------------------
     0 | D:1      | tensugalgo the Hill Orc Monk began the quest for the Orb.
     0 | D:1      | Reached XP level 1. HP: 19/19 MP: 1/1
   423 | D:1      | Reached XP level 2. HP: 12/26 MP: 2/2
   872 | D:1      | Reached skill level 5 in Axes
  1125 | D:2      | Noticed a scorpion
  1211 | D:2      | Reached XP level 3. HP: 25/31 MP: 3/3
  1750 | D:2      | Reached skill level 6 in Axes
  1773 | D:2      | Killed a scorpion
  1773 | D:2      | Reached XP level 4. HP: 9/39 MP: 4/4
  2091 | D:2      | Reached skill level 7 in Axes
  2241 | D:2      | Found a glowing golden altar of the Shining One.
  2243 | D:2      | Found a stormy altar of Qazlal.
  2978 | D:3      | Found a radiant altar of Vehumet.
  2981 | D:3      | Reached XP level 5. HP: 45/45 MP: 5/5
  3005 | D:3      | Noticed Robin
  3034 | D:3      | Killed Robin
  3502 | D:2      | Reached skill level 8 in Axes
  3670 | D:3      | Found a runed translucent door.
  3672 | D:3      | Noticed harlaan's ghost (weakling DESu)
  3703 | D:3      | Found a runed translucent door.
  3704 | D:3      | Noticed Crazy Yiuf
  4005 | D:3      | Killed harlaan's ghost
  4015 | D:3      | Got a translucent ring mail
  4026 | D:3      | Identified the +4 ring mail "Cash" {Str+4} (You found it on
                  | level 3 of the Dungeon)
  4077 | D:3      | Killed Crazy Yiuf
  4077 | D:3      | Reached XP level 6. HP: 8/51 MP: 6/6
  4404 | D:4      | Became a worshipper of Beogh the Brigand
  4404 | D:4      | Reached * piety under Beogh
  4404 | D:4      | Reached ** piety under Beogh
  4441 | D:4      | Found Veemealo's Food Shoppe.
  4453 | D:4      | Reached skill level 9 in Axes
  4606 | D:4      | Reached skill level 10 in Axes
  4606 | D:4      | Reached XP level 7. HP: 37/57 MP: 7/7
  4740 | D:4      | Found a shattered altar of Ashenzari.
  4983 | D:4      | Found a shadowy altar of Dithmenos.
  5402 | D:4      | Found a shattered altar of Ashenzari.
  5426 | D:5      | Entered Level 5 of the Dungeon
  5580 | D:5      | Reached skill level 11 in Axes
  6063 | D:5      | Reached skill level 12 in Axes
  6063 | D:5      | Reached XP level 8. HP: 15/64 MP: 8/8
  6635 | D:5      | Found a staircase to the Ecumenical Temple.
  7081 | D:6      | Reached skill level 1 in Armour
  7093 | D:6      | Reached *** piety under Beogh
  7902 | D:6      | Reached skill level 13 in Axes
  8094 | D:6      | Reached XP level 9. HP: 55/70 MP: 7/9
  8489 | D:7      | Reached skill level 5 in Armour
  8614 | D:7      | Found a sparkling altar of Nemelex Xobeh.
  8634 | D:7      | Found a sand-covered staircase.
  8644 | Ossuary  | Entered an ossuary
  8713 | Ossuary  | Reached **** piety under Beogh
  8722 | Ossuary  | Reached skill level 14 in Axes
  8939 | Ossuary  | Gained Wardok as an ally
  9217 | D:7      | Found a bloodstained altar of Trog.
  9356 | D:7      | Noticed Joseph
  9366 | D:7      | Killed Joseph
  9738 | D:8      | Found Tienis's Book Shop.
  9836 | D:8      | Noticed a two-headed ogre
  9839 | D:8      | Reached XP level 10. HP: 77/77 MP: 10/10
  9846 | D:8      | Killed a two-headed ogre
  9846 | D:8      | Reached skill level 10 in Armour
  9999 | D:8      | Noticed Harold
 10007 | D:8      | Killed Harold
 10162 | D:8      | Reached ***** piety under Beogh
 10345 | D:8      | Got an ancient leather armour
 10786 | D:9      | Your ally Wardok died
 10978 | D:9      | Found a burning altar of Makhleb.
 11066 | D:9      | Found Biroifux's Armour Shoppe.
 11066 | D:9      | Found Ogiebiuz's Jewellery Boutique.
 11209 | D:9      | Found a white marble altar of Elyvilon.
 11339 | D:9      | Reached XP level 11. HP: 36/82 MP: 5/11
 11668 | D:10     | Entered Level 10 of the Dungeon
 11692 | D:10     | Found Yxocen's Food Shop.
 11794 | D:10     | Got a warped pewter ring
 11796 | D:10     | Identified the ring "Otsec" {Fire rElec Str+4} (You found
                  | it on level 10 of the Dungeon)
 11842 | D:10     | Found a staircase to the Lair.
 11942 | D:10     | Found a staircase to the Orcish Mines.
 12235 | D:10     | Noticed a green ugly thing
 12241 | D:10     | Killed a green ugly thing
 12355 | D:11     | Noticed a manticore
 12368 | D:11     | Killed a manticore
 12568 | D:11     | Noticed a two-headed ogre
 12583 | D:11     | Killed a two-headed ogre
 13065 | D:11     | Noticed a two-headed ogre
 13074 | D:11     | Killed a two-headed ogre
 13074 | D:11     | Reached skill level 15 in Armour
 13082 | D:11     | Noticed a two-headed ogre
 13090 | D:11     | Killed a two-headed ogre
 13316 | D:11     | Noticed a white ugly thing
 13325 | D:11     | Killed a white ugly thing
 13337 | D:11     | Found a glowing silver altar of Zin.
 13338 | D:11     | Killed an unseen horror
 13750 | D:11     | Reached XP level 12. HP: 72/90 MP: 8/12
 13959 | D:12     | Noticed a two-headed ogre
 13963 | D:12     | Killed a two-headed ogre
 14053 | D:12     | Reached skill level 1 in Invocations
 14199 | D:12     | Reached ****** piety under Beogh
 14648 | D:12     | Reached skill level 5 in Invocations
 14652 | D:12     | Reached skill level 5 in Fighting
 15153 | D:12     | Noticed a two-headed ogre
 15159 | D:12     | Killed a two-headed ogre
 15218 | D:12     | Noticed a seven-headed hydra
 15222 | D:12     | Killed a seven-headed hydra
 15628 | D:13     | Noticed a two-headed ogre
 15635 | D:13     | Killed a two-headed ogre
 15780 | D:13     | Gained Milork as an ally
 15986 | D:13     | Noticed a two-headed ogre
 15995 | D:13     | Killed a two-headed ogre
 16099 | D:13     | Gained Bogwik as an ally
 16261 | D:13     | Noticed a death knight
 16278 | D:13     | Your ally Bogwik died
 16284 | D:13     | Reached skill level 10 in Invocations
 16289 | D:13     | Killed a death knight
 16289 | D:13     | Reached XP level 13. HP: 34/107 MP: 9/20
 17218 | D:14     | Your ally Milork died
 17410 | Orc:1    | Entered Level 1 of the Orcish Mines
 17410 | Orc:1    | Found Xiunn's Armour Shop.
 17874 | Orc:1    | Gained Borgk as an ally
 17954 | Orc:1    | Found Dufyf's Assorted Antiques.
 18232 | Orc:1    | Found Hikhlekk's Armour Emporium.
 18241 | Orc:1    | Bought the +4 scale mail of Instinct {+Inv rCorr SInv
                  | Stlth+} for 759 gold pieces
 18319 | Orc:1    | Gained Thorok as an ally
 18506 | Orc:2    | Entered Level 2 of the Orcish Mines
 18506 | Orc:2    | Noticed a stone giant
 18762 | Orc:2    | Killed a stone giant
 18869 | Orc:2    | Found a roughly hewn altar of Beogh.
 18903 | Orc:2    | Noticed an ogre mage
 18919 | Orc:2    | Killed an ogre mage
 18923 | Orc:2    | Your ally Thorok died
 18924 | Orc:2    | Your ally Borgk died
 18925 | Orc:2    | Reached skill level 10 in Fighting
 19390 | Orc:1    | Found Maotot's General Store.
 19514 | Orc:2    | Found Fodikk's Magic Scroll Shop.
 19514 | Orc:2    | Found Onud's Weapon Emporium.
 19515 | Orc:2    | Found Ucsesk's Magic Scroll Shoppe.
 19515 | Orc:2    | Found Afanwac's Distillery.
 19551 | Orc:2    | Reached skill level 1 in Shields
 19551 | Orc:2    | Reached XP level 14. HP: 48/122 MP: 13/24
 19574 | Orc:2    | Gained Oreg as an ally
 19720 | Orc:2    | Reached skill level 1 in Evocations
 19954 | Orc:2    | Found a staircase to the Elven Halls.
 20761 | D:14     | Your ally Oreg died
 21250 | Lair:1   | Entered Level 1 of the Lair of Beasts
 22717 | Lair:2   | Noticed Erica
 22734 | Lair:2   | Killed Erica
 22974 | Lair:2   | Found a staircase to the Snake Pit.
 23091 | Lair:2   | Reached skill level 15 in Invocations
 23250 | Lair:2   | Gained Orbeogh as an ally
 24167 | Lair:3   | HP: 5/124 [spiny frog (6)]
 24168 | Lair:3   | HP: 2/124 [spiny frog (3)]
 24895 | Lair:3   | Found a staircase to the Shoals.
 25054 | Lair:3   | Reached skill level 15 in Axes
 27317 | Lair:5   | You fall into a shaft and drop 1 floor!
 27317 | Lair:6   | Entered Level 6 of the Lair of Beasts
 27391 | Lair:6   | Reached XP level 15. HP: 130/130 MP: 23/26
 27477 | Lair:6   | Reached skill level 5 in Shields
 27484 | Lair:6   | HP: 6/132 [death yak (16)]
 27501 | Lair:6   | Reached skill level 16 in Axes
 27597 | Lair:6   | Found a frozen archway.
 27626 | IceCv    | Entered an ice cave
 28903 | Lair:6   | Reached skill level 5 in Evocations
 29284 | Lair:5   | Found a viscous altar of Jiyva.
 29285 | Lair:5   | Found a staircase to the Slime Pits.
 30542 | D:14     | Found a shadowy altar of Dithmenos.
 30700 | D:14     | Gained Hawl as an ally
 30817 | D:14     | Found a gate to the Vaults.
 31038 | D:15     | Entered Level 15 of the Dungeon
 31630 | D:15     | Your ally Orbeogh died
 32569 | D:15     | Found a staircase to the Depths.
 32574 | D:15     | Reached XP level 16. HP: 116/141 MP: 22/28
 32576 | D:15     | Reached skill level 17 in Axes
 32938 | Snake:1  | Entered Level 1 of the Snake Pit
 33167 | Snake:1  | Noticed Aizul
 33184 | Snake:1  | Killed Aizul
 33923 | Snake:1  | Found a runed translucent gate.
 33923 | Snake:1  | Found a runed translucent gate.
 33924 | Snake:1  | Found a runed translucent gate.
 33926 | Snake:1  | Noticed Tianux's ghost (adept DrFE)
 33931 | Snake:1  | Gained Bogbarth as an ally
 33946 | Snake:1  | Killed Tianux's ghost
 34288 | Snake:1  | Got a pair of translucent boots
 34299 | Snake:1  | Identified the +1 pair of boots of Words of Power {+Fly rF+
                  | MR- Int+3} (You found it on level 1 of the Snake Pit)
 34300 | Snake:1  | Got a shimmering ruby amulet
 34307 | Snake:1  | Identified the amulet of Conformity {Spirit rC- MR++ Str+3
                  | Dex+4} (You found it on level 1 of the Snake Pit)
 35461 | Snake:2  | Found a flickering gateway to a bazaar.
 35519 | Snake:2  | Noticed a nagaraja
 35533 | Snake:2  | Killed a nagaraja
 36336 | Snake:3  | Reached skill level 18 in Axes
 37020 | Snake:3  | Identified the cursed ring "Toreof" {rF+ AC-4 Dex+4}
 37157 | Snake:3  | Got a warped buckler
 37163 | Snake:3  | Identified the +3 buckler of Udwot {rF+ rC+ rN+ Dex+8} (You
                  | found it on level 3 of the Snake Pit)
 37494 | Snake:4  | Entered Level 4 of the Snake Pit
 37694 | Snake:4  | Upgraded the game from 0.25.0-26-g0c896c7088 to
                  | 0.25.0-33-gff14898491
 37948 | Snake:4  | Reached XP level 17. HP: 133/150 MP: 25/29
 39024 | Snake:4  | Gained Ugrim as an ally
 39146 | Snake:4  | Reached skill level 19 in Axes
 39252 | Snake:4  | Gained Worak as an ally
 39460 | Snake:4  | Got a serpentine rune of Zot
 40071 | Depths:1 | Entered Level 1 of the Depths
 40299 | Vaults:1 | Entered Level 1 of the Vaults
 41438 | Vaults:1 | Found Oceamiox's Book Shop.
 42420 | Vaults:2 | Reached skill level 10 in Shields
 42433 | Vaults:2 | Reached skill level 20 in Axes
 42438 | Vaults:2 | Reached XP level 18. HP: 70/161 MP: 15/31
 43016 | Vaults:2 | Found Miug's Assorted Antiques.
 43020 | Vaults:2 | Noticed Jory
 43040 | Vaults:2 | Killed Jory
 43616 | Vaults:2 | Found a staircase to the Crypt.
 43616 | Vaults:2 | Found an ancient bone altar of Kikubaaqudgha.
 43617 | Vaults:2 | Found a basalt altar of Yredelemnul.
 43883 | Vaults:2 | Paralysed by a sphinx for 4 turns
 44281 | Vaults:3 | Reached skill level 15 in Fighting
 44325 | Vaults:3 | Identified a +0 pair of boots of running (You found it on
                  | level 3 of the Vaults)
 44446 | Vaults:3 | Noticed Mara
 44465 | Vaults:3 | Killed Mara
 44732 | Vaults:3 | Reached skill level 21 in Axes
 45056 | Vaults:3 | Found Foskeut's Magic Scroll Shoppe.
 45275 | Vaults:3 | Found Quvesala's Weapon Shop.
 46731 | Vaults:4 | Reached XP level 19. HP: 113/170 MP: 23/32
 48220 | Orc:1    | Bought a +0 broad axe for 60 gold pieces
 48263 | Orc:2    | Bought a scroll of enchant weapon for 90 gold pieces
 48263 | Orc:2    | Bought a scroll of enchant weapon for 90 gold pieces
 48395 | Shoals:1 | Entered Level 1 of the Shoals
 48507 | Shoals:1 | Noticed Jorgrun
 48524 | Shoals:1 | Killed Jorgrun
 48830 | Shoals:1 | Reached skill level 22 in Axes
 49033 | Shoals:1 | Noticed Donald
 49049 | Shoals:1 | Killed Donald
 50813 | Shoals:3 | Noticed Polyphemus
 50855 | Shoals:3 | Your ally Bogbarth died
 50864 | Shoals:3 | Your ally Worak died
 50871 | Shoals:3 | Killed Polyphemus
 50874 | Shoals:3 | Gained Herok as an ally
 51775 | Shoals:4 | Entered Level 4 of the Shoals
 51965 | Shoals:4 | Reached skill level 23 in Axes
 52024 | Shoals:4 | Gained Warbeogh as an ally
 52142 | Shoals:4 | Got a barnacled rune of Zot
 52291 | Shoals:4 | Reached XP level 20. HP: 165/182 MP: 28/33
 52537 | Shoals:4 | Identified the Handbook of Helpful Ice
 52580 | Shoals:4 | Identified the ring "Kiusomo" {rPois rN+}
 53525 | Depths:1 | Gained Grimold as an ally
 53573 | Depths:1 | Noticed a lich
 53575 | Depths:1 | Found a gateway to a ziggurat.
 53580 | Depths:1 | Killed a lich
 54103 | Depths:1 | Reached skill level 24 in Axes
 54113 | Depths:1 | Your ally Ugrim died
 54191 | Depths:1 | Found a gateway to Hell.
 55140 | Depths:2 | Noticed a greater mummy
 55147 | Depths:2 | Killed a greater mummy
 55513 | Depths:2 | Gained Boruk as an ally
 55891 | Depths:2 | Your ally Herok died
 55895 | Depths:2 | Reached XP level 21. HP: 177/190 MP: 32/34
 56585 | Depths:2 | Found Ineniod's Antique Weapon Shop.
 56708 | Depths:3 | Reached skill level 25 in Axes
 56713 | Depths:3 | Gained Wargath as an ally
 57312 | Depths:3 | Gained Wargrak as an ally
 57325 | Depths:3 | Noticed Saint Roka
 57328 | Depths:3 | Noticed a golden dragon
 57328 | Depths:3 | a shadow dragon changed into a golden dragon
 57331 | Depths:3 | a golden dragon changed into an iron giant
 57350 | Depths:3 | Killed Saint Roka
 57400 | Depths:3 | Reached skill level 15 in Shields
 58204 | Depths:3 | Found a one-way gate leading to the halls of Pandemonium.
 58804 | Depths:4 | Reached skill level 26 in Axes
 58829 | Depths:4 | Reached XP level 22. HP: 174/201 MP: 14/35
 58829 | Depths:4 | Noticed a golden dragon
 58841 | Depths:4 | Killed a golden dragon
 58974 | Depths:4 | Found a one-way gate to the infinite horrors of the Abyss.
 59511 | Depths:4 | Identified the +1 short sword of Dismemberment {venom,
                  | rPois rC- Int+6 SInv} (You found it on level 4 of the
                  | Depths)
 59512 | Depths:4 | Identified the cursed +1 falchion "Keeq Ina" {flame, Int+9}
                  | (You found it on level 4 of the Depths)
 59585 | Depths:5 | Entered Level 5 of the Depths
 59883 | Depths:5 | Noticed Xtahua
 59899 | Depths:5 | Killed Xtahua
 60081 | Depths:5 | Reached skill level 5 in Dodging
 60561 | Depths:5 | Found a gate to the Realm of Zot.
 61005 | Vaults:5 | Entered Level 5 of the Vaults
 61913 | Vaults:4 | Reached XP level 23. HP: 168/213 MP: 26/36
 62342 | Vaults:5 | Reached skill level 27 in Axes
 62342 | Vaults:5 | Identified the +5 morningstar of Toothy Guile {antimagic,
                  | rF+ MR+}
 62394 | Vaults:5 | Identified the cursed +1 plate armour "Faphanit" {Dex+5}
                  | (You found it on level 5 of the Vaults)
 62608 | Vaults:5 | Identified the +9 whip "Zuppae" {vorpal, Dex+5}
 62623 | Vaults:5 | Gained Bogbrand as an ally
 62752 | Vaults:5 | Got a silver rune of Zot
 62772 | Vaults:5 | Identified the +5 long sword "Kaerchid" {speed, +Rage rF+
                  | Int+4} (You found it on level 5 of the Vaults)
 63350 | Vaults:5 | Identified the cursed +0 falchion of Codwye {elec, *Rage
                  | rElec rF+ rN++}
 63354 | Vaults:5 | Your ally died
 63954 | Vaults:5 | Identified the +6 long sword "Ymietu" {venom, *Slow rElec
                  | rPois rC- rN++} (You found it on level 5 of the Vaults)
 64270 | Zot:1    | Entered Level 1 of the Realm of Zot
 64561 | Zot:1    | Gained Blodwig as an ally
 64564 | Zot:1    | Reached XP level 24. HP: 212/224 MP: 27/36
 65134 | Zot:2    | Noticed a Killer Klown
 65159 | Zot:2    | Reached skill level 10 in Dodging
 65163 | Zot:2    | Killed a Killer Klown
 65288 | Zot:2    | Your ally Blodwig died
 65746 | Zot:3    | Noticed a curse toe
 66034 | Zot:3    | Identified the cursed +2 war axe of Shrieking Terror
                  | {vorpal, rN+} (You found it on level 3 of the Realm of Zot)
 66110 | Zot:3    | Noticed a Killer Klown
 66132 | Zot:3    | Killed a Killer Klown
 66353 | Zot:3    | Killed a curse toe
 66460 | Zot:4    | Noticed a Killer Klown
 66571 | Zot:4    | Cast into level 3 of the Abyss (Killer Klown)
 66960 | Zot:4    | Escaped the Abyss
 67001 | Zot:4    | Killed a Killer Klown
 67011 | Zot:4    | Reached XP level 25. HP: 235/235 MP: 27/36
 67754 | Zot:5    | Entered Level 5 of the Realm of Zot
 67784 | Zot:4    | Gained Morguth as an ally
 69125 | Zot:5    | Gained mutation: Your body sometimes deteriorates upon
                  | taking damage. [mutagenic glow]
 69127 | Zot:5    | Noticed an ancient lich
 69137 | Zot:5    | Killed an ancient lich
 69179 | Zot:5    | Gained mutation: You are weak. (Str -2) [mutagenic glow]
 69339 | Zot:5    | Noticed an orb of fire
 69342 | Zot:5    | Noticed an orb of fire
 69345 | Zot:5    | Noticed a Killer Klown
 69346 | Zot:5    | Noticed an orb of fire
 69347 | Zot:5    | Noticed a Killer Klown
 69348 | Zot:5    | Gained mutation: You have a pair of small horns on your
                  | head. [an orb of fire]
 69351 | Zot:5    | Gained mutation: Your body often deteriorates upon taking
                  | damage. [an orb of fire]
 69351 | Zot:5    | Gained mutation: You are clumsy. (Dex -2) [an orb of fire]
 69355 | Zot:5    | Noticed a Killer Klown
 69519 | Zot:5    | Killed a Killer Klown
 69521 | Zot:5    | Gained mutation: You evolve. [an orb of fire]
 69531 | Zot:5    | Killed an orb of fire
 69578 | Zot:5    | Noticed an orb of fire
 69579 | Zot:5    | Noticed an orb of fire
 69580 | Zot:5    | Gained mutation: Your magical capacity is low. (-10% MP)
                  | [an orb of fire]
 69587 | Zot:5    | Gained mutation: You are dopey. (Int -2) [an orb of fire]
 69597 | Zot:5    | Killed an orb of fire
 69598 | Zot:5    | Killed an orb of fire
 69605 | Zot:5    | Killed an orb of fire
 69605 | Zot:5    | Gained Boldo as an ally
 69606 | Zot:5    | Your ally Boldo died
 69611 | Zot:5    | Killed a Killer Klown
 69611 | Zot:5    | Reached XP level 26. HP: 70/248 MP: 11/32
 69623 | Zot:5    | Noticed a Killer Klown
 69632 | Zot:5    | Killed a Killer Klown
 69633 | Zot:5    | Killed an orb of fire
 69643 | Zot:5    | Killed a Killer Klown
 69644 | Zot:5    | Noticed an orb of fire
 69651 | Zot:5    | Your ally Wargath died
 69651 | Zot:5    | Your ally Morguth died
 69652 | Zot:5    | Your ally Grimold died
 69655 | Zot:5    | HP: 4/249 [orb of fire/fireball (17)]
 69655 | Zot:5    | Your ally Hawl died
 69659 | Zot:5    | Gained mutation: You are very weak. (Str -4) [an orb of
                  | fire]
 69661 | Zot:5    | HP: 12/373 [orb of fire/bolt of fire (13)]
 69663 | Zot:5    | Shot with a bolt by Bogbrand

Illustrated notes

Levels and vault maps discovered:
D:1:      lightli_arrival_chessboard, layout_basic
D:2:      layout_loops_corners, nicolae_overflow_hidden_temple
D:3:      layout_loops_ring, old_standard_altar, ebering_ghost_inner_flame,
          first_ration, minmay_misc_feat_ornament, uniq_crazy_yiuf_cottage,
          uniq_robin
D:4:      minmay_evil_eye, layout_cave_pools, kennysheep_mini_moat,
          kennysheep_little_box, serial_shops, shop, evilmike_ruin_ashenzari
D:5:      layout_cave_pools, minmay_temple_entry_glassed_door,
          gup_sewer_entry_spiral
D:6:      layout_basic, minmay_misc_feat_five, minmay_manual_mail
D:7:      layout_basic, lemuel_round_altar, basic_altar, enter_ossuary_4,
          uniq_joseph
D:8:      layout_cave_pools, serial_shops, shop_fountains, uniq_harold
D:9:      layout_roguey, makhleb_blood_cavern_becter, elyvilon_altar_3,
          serial_shops, shop, shop, grunt_livestock
D:10:     layout_roguey, lair_entry_dummy, orc_0_dummy, serial_shops, shop
D:11:     layout_loops_ring, basic_altar
D:12:     layout_roguey
D:13:     layout_roguey
D:14:     layout_loops_ring, ximxim_vaults_locker_room,
          nicolae_dithmenos_through_a_glass_darkly, unseen_surprise_small
D:15:     grunt_enter_depths_magical_seal, layout_loops_ring
Lair:1:   layout_gridlike
Lair:2:   layout_long_grid, minmay_snake_entry_six_corridors,
          patterned_corridor, uniq_erica
Lair:3:   layout_small_grid, shoals_dummy_entry
Lair:4:   layout_cave_shapes
Lair:5:   layout_gridlike, slime_altar_1, st_stairs_8, serial_bayou_pond_e,
          lemuel_fruit_tree, serial_bayou_shore_b, infiniplex_staircase_pool_2
Lair:6:   evil_forest, layout_loops_ring, portal_ice_cave_entry_imps,
          gauntlet_entry_generic, grunt_megastairs_4, infiniplex_staircase_pool
Shoals:1: layout_shoals, nicolae_shoals_so_close, uniq_jorgrun, uniq_donald
Shoals:2: cheibrodos_shoals_oceanic_diplomacy, layout_shoals
Shoals:3: layout_shoals, nicolae_shoals_square_sea_wall, uniq_polyphemus
Shoals:4: shoals_end_grunt_garden, layout_shoals
Snake:1:  layout_grid_shapes, gammafunk_ghost_necromancy, uniq_aizul
Snake:2:  layout_misc_corridors, serial_shops, bzr_entry_road,
          serial_bayou_shore_a, serial_bayou_shore_b
Snake:3:  layout_onion, nicolae_large_snake_swirl
Snake:4:  minmay_snake_end_coiled, layout_cave_town
Orc:1:    layout_diamond_mine, serial_shops, shop_fountains, nicolae_shop_stone,
          shop, shop, mines2_lemuel
Orc:2:    st_orc_ogre_mass, layout_diamond_mine, nicolae_orc_lost_temple
Vaults:1: hangedman_vaults_stitches, hangedman_vaults_variations,
          vaults_dpeg_spiral, hangedman_vaults_locks,
          nicolae_vaults_circle_grid_a, nicolae_vaults_shelves_hall,
          hangedman_vaults_capsules, vaults_mumra_minichess,
          vaults_room_door_hall, vaults_dpeg_diagonal, vaults_dpeg_hooks,
          vaults_room_ringed_pool, nicolae_vaults_circle_grid_b,
          layout_vaults_big_cross, serial_shops, shop
Vaults:2: v_misc_14, ontoclasm_vaults_loading_screen, v_alt_pattern_1,
          minmay_crypt_entry_necro_gods, nicolae_vaults_little_squares_6,
          v_alt_pattern_6, ontoclasm_vaults_pinch, ontoclasm_vaults_gateway,
          vaults_mumra_hexcomb, nicolae_vaults_stairing_the_circle,
          vaults_room_fours, layout_vaults_ring, serial_shops,
          nicolae_shop_overgrown_old_shop, uniq_jory
Vaults:3: v_misc_23, vaults_room_hallway, st_quartered_hall,
          ontoclasm_vaults_idyll, vaults_standard_mumra_enter_the_diamond,
          hangedman_vaults_impose, v_misc_27, vaults_room_mumra_shop_pool,
          layout_vaults_omnigrid, serial_shops, shop, uniq_mara
Vaults:4: nicolae_vaults_rhombus_6, ontoclasm_vaults_hangar,
          vaults_room_corners, vaults_mumra_minichess_inversion, v_misc_10,
          v_misc_18, v_misc_8, nicolae_vaults_network_star, v_misc_9,
          vaults_room_stairs_pillars, layout_vaults_big_room
Vaults:5: serial_shops
Depths:1: layout_basic, enter_ziggurat_b, hell_entry, chequers_decorated_corner,
          evilmike_ambush [evilmike_ambush_outer_pillars,
          evilmike_ambush_inner_basic], roderic_lattice_octagonal_star
Depths:2: lemuel_minitomb, layout_gridville, hangedman_abyss_or_decor_stabs,
          grunt_hell_horde, kennysheep_small_square
Depths:3: radiant_caverns_a_rkd, hell_entry, serial_shops, pan_entry,
          uniq_saint_roka
Depths:4: minmay_the_grid_four_pointed_star
          [minmay_the_grid_triangle_9x9_minimal,
          minmay_the_grid_triangle_9x9_intruding_spiral,
          minmay_the_grid_triangle_9x9_windchime,
          minmay_the_grid_triangle_9x9_steps,
          minmay_the_grid_prize_shrinking_boxes], layout_cave_pools,
          abyss_entry, chequers_serial_rivers_large_a, hell_entry,
          kennysheep_small_spiral
Depths:5: grunt_zot_entry_tricorne, layout_basic, hell_entry,
          hangedman_decor_peaks_small, wad_floor_pattern_untrapped,
          serial_bayou_shore_b, uniq_xtahua
Zot:1:    layout_gridville
Zot:2:    layout_misc_corridors
Zot:3:    layout_misc_corridors
Zot:4:    layout_misc_corridors
Zot:5:    layout_basic

Skill      XL: |  1  2  3  4  5  6  7  8  9 10 11 12 13 14 15 16 17 18 19 20 21 22 23 24 25 |
---------------+----------------------------------------------------------------------------+-----
Axes           | 5 6 7 8 10 12 13 14 15 16 18 20 21 23 24 26 27 | 27.0
Armour         | 4 9 13 15 17 18 19 20 21 22 | 22.4
Invocations    | 10 14 15 16 17 18 19 | 19.1
Fighting       | 7 10 11 12 13 14 15 16 17 18 19 20 21 22 | 22.8
Shields        | 1 4 6 8 10 11 12 14 15 16 18 19 | 19.8
Evocations     | 4 6 7 |  7.2
Dodging        | 3 6 9 10 | 10.0
Stealth        | |  1.5

Action                   |  1- 3 |  4- 6 |  7- 9 | 10-12 | 13-15 | 16-18 | 19-21 | 22-24 | 25-27 || total
-------------------------+-------+-------+-------+-------+-------+-------+-------+-------+-------++-------
Melee: Hand axe          |   123 |   178 |   376 |       |       |       |       |       |       ||   677
       Battleaxe         |       |       |   157 |   487 |   193 |       |       |       |       ||   837
       War axe           |       |       |       |       |   924 |  1037 |    84 |       |       ||  2045
       Broad axe         |       |       |       |       |       |       |  1214 |  1324 |   416 ||  2954
       Headbutt          |       |       |       |       |       |       |       |       |    32 ||    32
Invok: Convert to Beogh  |       |     1 |       |       |       |       |       |       |       ||     1
       Recall Orcish Fol |       |       |       |     2 |     7 |     4 |     8 |     2 |     1 ||    24
       Give Item to Name |       |       |       |       |     1 |     4 |     3 |     4 |       ||    12
       Resurrection      |       |       |       |       |     1 |     2 |     1 |       |       ||     4
       Smiting           |       |       |       |       |       |     1 |     3 |       |       ||     4
Evoke: Wand              |       |     2 |       |     7 |     2 |     5 |     4 |       |       ||    20
  Use: Potion            |     3 |     2 |       |     1 |     2 |     1 |     7 |     1 |     6 ||    23
       Scroll            |       |       |    10 |     3 |     8 |     9 |    20 |    17 |     4 ||    71
 Stab: Sleeping          |     1 |       |       |       |     1 |       |       |       |       ||     2
       Distracted        |       |       |     3 |     3 |    10 |    28 |    13 |     8 |     2 ||    67
       Paralysed         |       |       |       |       |     1 |       |       |       |       ||     1
  Eat: Chunk             |     3 |     9 |    17 |    17 |    30 |    14 |    18 |     8 |     4 ||   120
       Ration            |       |       |       |     2 |     7 |     9 |     7 |     6 |     3 ||    34
Armor: Robe              |    11 |       |       |       |       |       |       |       |       ||    11
       Ring mail         |     9 |    28 |   166 |   260 |    75 |       |       |       |       ||   538
       Scale mail        |     5 |    43 |       |       |   349 |       |       |       |       ||   397
       Skin              |     3 |       |       |       |       |       |       |       |       ||     3
       Ice dragon scales |       |       |       |       |   184 |   409 |   556 |     6 |       ||  1155
       Gold dragon scale |       |       |       |       |       |       |       |   831 |   158 ||   989
Dodge: Dodged            |    68 |    77 |   215 |   272 |   461 |   363 |   431 |   506 |   128 ||  2521
Block: Buckler           |       |       |       |       |   149 |   393 |   596 |   726 |   164 ||  2028
